 Dungeon Crawl Stone Soup version 0.30-a0-743-gbfdf073431 (webtiles) character file.

Game seed: 4926734323140377152

384 Newt the Magician (level 6, -6/48 HPs)
             Began as a Demonspawn Gladiator on Feb 6, 2023.
             Mangled by an ogre
             ... wielding a +0 giant club
              (16 damage)
             ... on level 7 of the Dungeon.
             The game lasted 00:03:43 (2310 turns).

Newt the Magician (Demonspawn Gladiator)            Turns: 2310, Time: 00:03:44

Health: -6/48      AC:  9    Str: 13 (14) XL:     6   Next: 47%
Magic:  13/13      EV: 12    Int:  8 (9)  God:
Gold:   162        SH:  0    Dex: 15      Spells: 14/14 levels left

rFire   + . .      SeeInvis +    k - +4 hand axe "Cecavol" {heavy, rN+ Will+ Int-2}
rCold   . . .      Faith    .    (no shield)
rNeg    + . .      Spirit   .    b - +0 leather armour
rPois   .          Reflect  .    c - +0 helmet
rElec   .          Harm     .    y - +0 cloak
rCorr   .          Rampage  .    (no gloves)
Will    +....                    q - +1 pair of boots
Stlth   ++                       (no amulet)
HPRegen 0.28/turn                u - ring of protection from fire
MPRegen 0.13/turn                i - ring of see invisible

@: no status effects
A: thin metallic scales 1, foul stench 1, demonic magic 2
a: no special abilities


You were on level 7 of the Dungeon.
You visited 1 branch of the dungeon, and saw 5 of its levels.

You collected 252 gold pieces.
You spent 90 gold pieces at shops.

Inventory:

Hand Weapons
 a - a +0 rapier
 k - the +4 hand axe "Cecavol" (weapon) {heavy, rN+ Will+ Int-2}
   (You found it on level 2 of the Dungeon)

   Int:       It affects your intelligence (-2).
   rN:        It protects you from negative energy.
   Will:      It increases your willpower.
Missiles
 d - 2 throwing nets (quivered)
 s - a javelin
 t - 3 poisoned darts
 v - 2 curare-tipped darts
 x - a silver boomerang
Armour
 b - a +0 leather armour (worn)
 c - a +0 helmet (worn)
 q - a +1 pair of boots (worn)
 y - a +0 cloak (worn)
Jewellery
 g - a ring of ice
 i - a ring of see invisible (right hand)
 u - a ring of protection from fire (left hand)
Wands
 e - a wand of roots (10)
Scrolls
 l - a scroll of blinking
 z - a scroll of identify
Potions
 f - a potion of degeneration
 h - 4 potions of brilliance
 j - a potion of flight
 m - 3 potions of curing
 n - a potion of might
 o - a potion of heal wounds
 p - a potion of attraction {unknown}
 r - a potion of haste {unknown}
 w - a potion of berserk rage {unknown}
 A - a potion of lignification {unknown}


   Skills:
 - Level 4.0 Fighting
 - Level 2.6 Short Blades
 - Level 1.7 Throwing
 - Level 2.6 Dodging
 - Level 1.5 Stealth
 + Level 4.7 Spellcasting


You had 14 spell levels left.
You didn't know any spells.
Your spell library contained the following spells:

 Spells                   Type           Power      Damage    Failure   Level
 Borgnjor's Revivificati  Necr           0%         N/A       100%        8
 Necromutation            Tmut/Necr      0%         N/A       100%        8
 Death's Door             Necr           0%         N/A       100%        9


Dungeon Overview and Level Annotations

Branches:
Dungeon (4/15)
 Temple: D:4-7

Altars:
Ashenzari
Qazlal
Wu Jian


Innate Abilities, Weirdness & Mutations

You are partially covered in thin metallic scales. (AC +2)
You may rarely emit foul miasma when damaged in melee.
Spells you cast may paralyse nearby enemies.


Message History

No target in view!
h - 4 potions of brilliance (gained 1)
You now have 141 gold pieces (gained 17).
Found a robe.
Found a broken altar of Ashenzari.
An orc priest comes into view. It is wielding a +0 short sword.
No reachable target in view!
No reachable target in view!
An orc priest is nearby!
An orc priest is nearby!
An orc priest is nearby!
An ogre comes into view. It is wielding a +0 giant club.
The orc priest shouts!
The ogre shouts!
An orc priest and an orc come into view.
The orc shouts!
The orc priest shouts!
An orc wizard comes into view. It is wielding a +0 dagger.
The orc moves out of view.
An orc wizard comes into view. It is wielding a +0 dagger of venom.
The orc wizard shouts!
A bullfrog comes into view.
The orc wizard mumbles some strange words.
The orc wizard flickers and vanishes for a moment.
You see here 21 gold pieces.
You now have 162 gold pieces (gained 21).
The bullfrog croaks.
Found a scale mail.
The ogre hits you with a +0 giant club!
You barely miss the ogre. The ogre barely misses you.
The orc priest mumbles some strange prayers to Beogh against you.
Beogh smites you!
You hit the ogre.
The ogre is lightly wounded.
You slash the bullfrog! The bullfrog barely misses you. The bullfrog hits you.
You emit a cloud of foul miasma!
The ogre barely misses you.
The orc priest calls down the wrath of Beogh upon you.
Beogh smites you!
* * * LOW HITPOINT WARNING * * *
The bullfrog is engulfed in dark miasma.
The bullfrog is poisoned.
The bullfrog seems to slow down.
The bullfrog hits you but does no damage.
The ogre hits you with a +0 giant club!
You die...

#####....# ..##.......
##........###..#..#..##
.#....#..)#.......#...#
..#.####.........#....##
.......#.....#......# ..
...........###......#.#
######...####.........##
#...####..#....!...#
##..# #....o@o......
#..##..###[OF..###.
#......#####o#####. ##
....###..o..###.
#...........F..[
##............##
#.#.........##
##....#......


You could see an ogre, a bullfrog (poisoned, slow), an orc priest, 2 orc wizards
and an orc.

Vanquished Creatures
  Eustachio (D:4)
  A hound (D:4)
  An orc priest (D:4)
  2 orc wizards (D:3)
  6 adders
  A worm (D:3)
  A dart slug (D:1)
  10 orcs
  4 endoplasms
  6 giant cockroaches
  7 goblins
  5 hobgoblins
  2 quokkas
  5 ball pythons
  8 bats
  2 frilled lizards (D:1)
  10 kobolds
  5 rats
77 creatures vanquished.

Vanquished Creatures (others)
  18 plants (D:1)
18 creatures vanquished.

Grand Total: 95 creatures vanquished

Notes
Turn   | Place    | Note
-------+----------+-------------------------------------------
     0 | D:1      | Newt the Demonspawn Gladiator began the quest for the Orb.
     0 | D:1      | Reached XP level 1. HP: 16/16 MP: 1/1
    75 | D:1      | Reached skill level 1 in Stealth
   152 | D:1      | Gained mutation: Spells you cast may paralyse adjacent
                  | enemies. [demonic ancestry]
   152 | D:1      | Reached XP level 2. HP: 9/22 MP: 2/2
   811 | D:2      | Reached XP level 3. HP: 29/29 MP: 3/3
   850 | D:2      | Identified the +4 hand axe "Cecavol" {heavy, rN+ Will+
                  | Int-2}
  1112 | D:2      | Gained mutation: You may rarely emit foul miasma when
                  | damaged in melee. [demonic ancestry]
  1112 | D:2      | Reached XP level 4. HP: 32/37 MP: 4/4
  1343 | D:3      | Reached skill level 1 in Spellcasting
  1587 | D:3      | Gained mutation: You are partially covered in thin metallic
                  | scales. (AC +2) [demonic ancestry]
  1587 | D:3      | Reached XP level 5. HP: 42/42 MP: 8/8
  1646 | D:3      | Found Zin's Purification Station.
  1659 | D:3      | Bought a potion of curing for 90 gold pieces
  1829 | D:3      | Found a faded altar of an unknown god.
  1833 | D:3      | Found an ornate altar of the Wu Jian Council.
  2025 | D:4      | Found a stormy altar of Qazlal.
  2224 | D:4      | Noticed Eustachio
  2236 | D:4      | Killed Eustachio
  2237 | D:4      | Gained mutation: Spells you cast may paralyse nearby
                  | enemies. [demonic ancestry]
  2237 | D:4      | Reached XP level 6. HP: 44/48 MP: 10/13
  2243 | D:4      | You fall into a shaft and drop 3 floors!
  2301 | D:7      | Found a broken altar of Ashenzari.
  2310 | D:7      | Mangled by an ogre

Illustrated notes

Levels and vault maps discovered:
D:1:      minmay_arrival_semitransparent, layout_rooms, serial_bayou,
          serial_bayou_shore_a, serial_bayou_lagoon_a, serial_bayou_pond_d,
          serial_bayou_pond_e, serial_bayou_pond_d
D:2:      layout_loops_ring
D:3:      layout_rooms, nicolae_overflow_ecumenical_swirl, zin_purify,
          kennysheep_generic_room_9
D:4:      layout_basic, lightli_sewer_entry_pipes, minmay_ruined_shrine,
          uniq_blork_the_orc, uniq_ijyb, uniq_eustachio
D:7:      layout_cave_pools, cheibrodos_ashenzari_chains, doesnt_xom_only_xom,
          nicolae_overflow_two_pavilions, serial_shops, shop_fountains,
          st_stairs_5

Skill      XL: |  1  2  3  4  5 |
---------------+----------------+-----
Stealth        | 1 |  1.5
Fighting       | 3 4 |  4.0
Spellcasting   | 2 4 |  4.7
Short Blades   | |  2.6
Throwing       | |  1.7
Dodging        | |  2.6

Action                     |  1- 3 |  4- 6 || total
---------------------------+-------+-------++-------
  Melee: Rapier            |    98 |       ||    98
         Punch             |     1 |     1 ||     2
         Hand axe          |    13 |    80 ||    93
  Throw: Throwing net      |     3 |       ||     3
         Javelin           |     1 |     1 ||     2
    Use: Scroll            |     3 |     7 ||    10
         Potion            |       |     1 ||     1
   Stab: Held in net/web   |     1 |       ||     1
         Sleeping          |     1 |     2 ||     3
 Armour: Leather armour    |    39 |    50 ||    89
  Dodge: Dodged            |    71 |    88 ||   159

Table legend: (Time is in decaauts)
 A = Elapsed time spent in this place.
 B = Non-inter-level travel time spent in this place.
 C = Inter-level travel time spent in this place.
 D = Time resting spent in this place.
 E = Time spent auto-exploring this place.
 F = Levels seen in this place.
 G = Mean time per level.
                   A        B        C        D        E       F      G
               +--------+--------+--------+--------+--------+-----+--------+
         Total |   2422 |   2370 |     52 |    117 |   1614 |   5 |  484.4 |
       Dungeon |   2422 |   2370 |     52 |    117 |   1614 |   5 |  484.4 |
               +--------+--------+--------+--------+--------+-----+--------+

Top non-repeatable levels by time:
     D:1: 748 daAuts
     D:2: 633 daAuts
     D:3: 611 daAuts
     D:4: 358 daAuts
     D:7: 70 daAuts
